 Dungeon Crawl Stone Soup version 0.27-a0-416-gca2cecf3c0 (console) character file.

Game seed: 10283842022203252144

7786 Gather the Frost Mage (level 11, -4/71 HPs)
             Began as an Octopode Ice Elementalist on Feb 24, 2021.
             Was a Priest of Elyvilon.
             Slain by a wolf (11 damage)
             ... led by Grum
             ... on level 8 of the Dungeon on Feb 25, 2021.
             The game lasted 01:40:04 (15444 turns).

Gather the Frost Mage (Octopode Ice Elementalist)  Turns: 15444, Time: 01:40:04

Health: -4/71      AC:  9    Str: 12    XL:     11   Next: 20%
Magic:  14/17      EV: 17    Int: 20    God:    Elyvilon [***...]
Gold:   492        SH:  0    Dex: 20    Spells: 3/18 levels left

rFire    . . .     SeeInvis .   w - +4 quarterstaff {flame, Str+5}
rCold    . . .     Faith    .   (shield currently unavailable)
rNeg     . . .     Spirit   .   (helmet restricted)
rPois    .         Reflect  .   (no amulet)
rElec    .         Harm     .   f - +6 ring of dexterity
rCorr    .         Rampage  .   (no ring)
Will     .....                  (no ring)
Stlth    ++++......             (no ring)
HPRegen  0.21/turn              (no ring)
MPRegen  0.15/turn              (no ring)
                                (no ring)
                                (no ring)

@: icy armour
A: almost no armour, stealthy swim, amphibious, 8 rings, constrict 8, camouflage
1, gelatinous body 1
a: Renounce Religion, Lesser Healing, Heal Other, Purification, Divine
Protection


You were on level 8 of the Dungeon.
You worshipped Elyvilon.
Elyvilon was most pleased with you.
You visited 2 branches of the dungeon, and saw 11 of its levels.

You collected 492 gold pieces.

Inventory:

Hand Weapons
 a - a +4 dagger
 j - a +2 short sword of venom
 n - a +0 giant club
 w - the +4 quarterstaff "Tegeogan" (weapon) {flame, Str+5}
   (You found it on level 4 of the Dungeon)

   It has been specially enchanted to burn those struck by it, causing extra
   injury to most foes and up to half again as much damage against particularly
   susceptible opponents.
   It affects your strength (+5).
 A - a +4 vorpal scimitar
 C - a +0 shortbow
Missiles
 b - 8 silver boomerangs
 c - 169 arrows
 e - 31 poisoned darts (quivered)
 h - 87 stones
 k - 12 javelins
 q - a throwing net
Magical Staves
 t - a staff of air
Jewellery
 f - a +6 ring of dexterity (left tentacle)
Wands
 l - a wand of flame (25)
 y - a wand of polymorph (19)
 z - a wand of iceblast (9)
 D - a wand of digging (6)
Scrolls
 d - 6 scrolls of fog
 g - a scroll of enchant weapon
 s - 2 scrolls of teleportation
 u - a scroll of amnesia
 B - a scroll of enchant armour
Potions
 i - a potion of flight
 m - 3 potions of mutation
 o - 4 potions of brilliance
 p - a potion of haste {unknown}
 r - 2 potions of might
 v - 2 potions of attraction


   Skills:
 + Level 5.0 Fighting
 - Level 2.2 Staves
 + Level 4.7 Dodging
 - Level 6.0 Stealth
 - Level 5.4 Unarmed Combat
 - Level 4.0 Spellcasting
 - Level 5.8 Summonings
 - Level 5.5 Transmutations
 + Level 10.4 Ice Magic
 - Level 3.5 Invocations
 - Level 1.7 Evocations


You had 3 spell levels left.
You knew the following spells:

 Your Spells              Type           Power        Failure   Level
a - Freeze                Ice            100%         1%          1
b - Summon Ice Beast      Ice/Summ       36%          4%          4
f - Ice Form              Ice/Tmut       35%          4%          4
i - Ozocubu's Armour      Ice            45%          1%          3
x - Frozen Ramparts       Ice            90%          1%          3

Your spell library contained the following spells:

 Spells                   Type           Power        Failure   Level
 Hailstorm                Conj/Ice       24%          16%         4
 Metabolic Englaciation   Hex/Ice        12%          38%         5
 Ozocubu's Refrigeration  Ice            22%          83%         7
 Simulacrum               Ice/Necr       12%          93%         6
 Freezing Cloud           Conj/Ice/Air   8%           99%         6


Dungeon Overview and Level Annotations

Branches:
Dungeon (10/15)            Temple (1/1) D:4
   Lair: D:8-11         Orc: D:9-12

Altars:
Ashenzari
Cheibriados
Dithmenos
Elyvilon
Fedhas
Gozag
Kikubaaqudgha
Makhleb
Nemelex Xobeh
Okawaru
Qazlal
Ru
Sif Muna
Trog
Vehumet
Wu Jian
Xom
Yredelemnul
Zin
The Shining One

Shops:
D:4 (   D:10 ?

Annotations:
D:7 3 runed translucent doors, TimeIsEndless's ghost, novice DDFi
D:10 Grum


Innate Abilities, Weirdness & Mutations

You cannot wear most types of armour.
You are very stealthy in the water. (Stealth+)
You are amphibious.
You can wear up to eight rings at the same time.
You can use your tentacles to constrict eight enemies at once.
Your skin changes colour to match your surroundings (Stealth+).
Your rubbery body absorbs attacks. (AC +1, EV +1)


Message History

The wolf bites you.
You see here a +1 mace of protection.
The wolf bites you.
* * * LOW HITPOINT WARNING * * *
There is an open door here.
Things that are here:
a +0 morningstar of protection; a +0 leather armour; a +0 mace The wolf misses you.
The wolf misses you. The wolf bites you!
* * * LOW HITPOINT WARNING * * *
Okay, then.
Okay, then.
The wolf bites you.
* * * LOW HITPOINT WARNING * * *
Your divine protection fades away.
The wolf completely misses you. The wolf barely misses you.
The wolf barely misses you.
You beseech Elyvilon to protect your life.
The wolf closely misses you. The wolf misses you. The wolf misses you.
The wolf bites you.
* * * LOW HITPOINT WARNING * * *
The wolf misses you. The wolf barely misses you. The wolf misses you.
The wolf bites you! Elyvilon protects you from harm!
There is a stone staircase leading up here.
The wolf barely misses you.
You climb upwards.
Found a blossoming altar of Fedhas and a burning altar of Makhleb.
There is a stone staircase leading down here.
Casting: Ozocubu's Armour (safe; 1% risk of failure)
Confirm with . or Enter, or press ? or * to list all spells.
A film of ice covers your body!
Your divine protection fades away.
The wolf bites you!
You die...

.##........####............#
..##.......###....#..######..
...##......))..##.#.##
....#......######.#.#
_..........# #.#.#
....#......### #...#
...##........# #..##
..##.....>##.#######
.##......###......#
............#######
.........#### ##@##
########## #8h..8# #.....#
#8.....8# ##.....## #8...8#
#.....# _....._


You could see a wolf.

Vanquished Creatures
  A two-headed ogre (D:9)
  Maggie (D:6)
  Grinder (D:6)
  A hornet (D:8)
  A wraith (D:9)
  Menkaure (D:6)
  2 water moccasins
  A nameless horror (D:9)
  2 black bears (D:7)
  2 ice beasts
  4 orc warriors
  2 sky beasts
  7 ogres
  3 centaurs
  A phantom (D:7)
  A kobold brigand (D:6)
  5 bullfrogs
  A wyvern zombie (D:7)
  A wyvern skeleton (D:6)
  A scorpion (D:9)
  12 wights
  10 killer bees
  A howler monkey (D:4)
  2 gnoll shamans
  4 orc priests
  3 hounds
  2 centaur skeletons
  2 centaur zombies
  4 bullfrog skeletons
  An iron imp (D:6)
  7 iguanas
  16 orc wizards
  12 worker ants
  A worker ant zombie (D:8)
  16 gnolls
  18 adders
  A shadow imp (D:5)
  4 white imps
  An ufetubus (D:7)
  3 oozes
  2 adder zombies
  A worm (D:3)
  2 dart slugs
  A leopard gecko (D:7)
  36 orcs
  8 giant cockroaches
  6 goblins
  5 hobgoblins
  3 quokkas
  2 ball pythons
  9 bats
  6 frilled lizards
  A jackal skeleton (D:8)
  7 kobolds
  A leopard gecko zombie (D:6)
  6 rats
255 creatures vanquished.

Vanquished Creatures (collateral kills)
  2 two-headed ogres
  A troll (D:10)
  A scorpion (D:10)
  An orc priest (D:9)
  An orc wizard (D:9)
  An orc (D:9)
7 creatures vanquished.

Grand Total: 262 creatures vanquished

Notes
Turn   | Place    | Note
-------+----------+-------------------------------------------
     0 | D:1      | Gather the Octopode Ice Elementalist began the quest for
                  | the Orb.
     0 | D:1      | Reached XP level 1. HP: 11/11 MP: 3/3
   377 | D:1      | Reached XP level 2. HP: 12/17 MP: 1/5
   555 | D:1      | Upgraded the game from 0.27-a0-412-g8dd771eca2 to
                  | 0.27-a0-416-gca2cecf3c0
  1029 | D:1      | Reached XP level 3. HP: 21/21 MP: 4/6
  1141 | D:2      | Found a sacrificial altar of Ru.
  1230 | D:2      | Reached skill level 5 in Ice Magic
  1404 | D:2      | Learned a level 3 spell: Frozen Ramparts
  1718 | D:2      | Reached XP level 4. HP: 25/27 MP: 4/7
  1782 | D:2      | Learned a level 3 spell: Ozocubu's Armour
  2604 | D:3      | Reached XP level 5. HP: 32/32 MP: 4/8
  2609 | D:3      | Reached skill level 1 in Fighting
  2795 | D:4      | Noticed an ogre
  2948 | D:4      | Killed an ogre
  2949 | D:4      | Reached skill level 6 in Ice Magic
  2949 | D:4      | Reached XP level 6. HP: 36/39 MP: 0/9
  3328 | D:4      | Identified a twisted quarterstaff
  3471 | D:4      | Reached skill level 5 in Stealth
  3635 | D:4      | Reached XP level 7. HP: 39/45 MP: 3/10
  3785 | D:4      | Found a staircase to the Ecumenical Temple.
  3932 | Temple   | Entered the Ecumenical Temple
  4017 | Temple   | Became a worshipper of Elyvilon the Healer
  4227 | D:4      | Found Xuheurr's Antique Weapon Emporium.
  4469 | D:4      | Found a basalt altar of Yredelemnul.
  4568 | D:5      | Entered Level 5 of the Dungeon
  4718 | D:5      | Learned a level 4 spell: Ice Form
  4767 | D:5      | Reached skill level 1 in Transmutations
  5282 | D:5      | Reached XP level 8. HP: 26/52 MP: 5/12
  5853 | D:6      | Noticed Menkaure
  5871 | D:6      | Killed Menkaure
  5872 | D:6      | Reached skill level 5 in Transmutations
  5986 | D:6      | Reached skill level 1 in Unarmed Combat
  6023 | D:6      | Reached skill level 7 in Ice Magic
  6511 | D:6      | Reached XP level 9. HP: 55/56 MP: 13/13
  6705 | D:6      | Reached skill level 8 in Ice Magic
  6903 | D:6      | Reached * piety under Elyvilon
  6922 | D:6      | Noticed Maggie
  6923 | D:6      | Found an ancient bone altar of Kikubaaqudgha.
  6939 | D:6      | Killed Maggie
  6940 | D:6      | Reached skill level 1 in Invocations
  6940 | D:6      | Reached skill level 1 in Evocations
  6965 | D:6      | Reached skill level 1 in Staves
  7085 | D:6      | Found a snail-covered altar of Cheibriados.
  7242 | D:6      | Noticed Grinder
  7270 | D:6      | Paralysed by Grinder for 5 turns
  7278 | D:6      | Killed Grinder
  7782 | D:7      | Found an ancient bone altar of Kikubaaqudgha.
  8597 | D:7      | Reached ** piety under Elyvilon
  8658 | D:7      | Reached XP level 10. HP: 64/64 MP: 6/15
  8733 | D:7      | Found a shadowy altar of Dithmenos.
  8742 | D:7      | Reached skill level 5 in Unarmed Combat
  8982 | D:7      | Found a runed translucent gate.
  8982 | D:7      | Found a runed translucent gate.
  8982 | D:7      | Found a runed translucent gate.
  9252 | D:7      | Noticed TimeIsEndless's ghost (novice DDFi)
 10439 | D:8      | Noticed a two-headed ogre
 10547 | D:7      | Learned a level 4 spell: Summon Ice Beast
 10785 | D:8      | Reached skill level 1 in Summonings
 11300 | D:8      | Reached *** piety under Elyvilon
 11306 | D:8      | Found an iron altar of Okawaru.
 12085 | D:9      | Reached skill level 5 in Summonings
 12172 | D:9      | Noticed a two-headed ogre
 12339 | D:8      | Killed a two-headed ogre
 12451 | D:9      | Reached skill level 9 in Ice Magic
 12674 | D:9      | HP: 3/78 [two-headed ogre/+0 great mace (12)]
 13009 | D:9      | Found a sparkling altar of Nemelex Xobeh.
 13034 | D:9      | Killed a two-headed ogre
 13155 | D:9      | Noticed a two-headed ogre
 13177 | D:9      | Killed a two-headed ogre
 13178 | D:9      | Reached skill level 10 in Ice Magic
 13178 | D:9      | Reached XP level 11. HP: 30/70 MP: 2/17
 13427 | D:9      | Found an ornate altar of the Wu Jian Council.
 13551 | D:9      | Found a sparkling altar of Nemelex Xobeh.
 14373 | D:9      | Found a glowing silver altar of Zin.
 14549 | D:10     | Entered Level 10 of the Dungeon
 15051 | D:10     | Found Qod Tief's Magic Scroll Boutique.
 15158 | D:10     | Reached skill level 5 in Fighting
 15410 | D:10     | Noticed Grum
 15417 | D:9      | HP: 3/71 [gnoll sergeant/+0 trident (8)]
 15441 | D:9      | Elyvilon protects you from harm!
 15443 | D:8      | Found a blossoming altar of Fedhas.
 15443 | D:8      | Found a burning altar of Makhleb.
 15444 | D:8      | Slain by a wolf

Illustrated notes

Levels and vault maps discovered:
D:1:      giann_horns, layout_basic
D:2:      layout_rooms, lemuel_round_altar, st_stairs_11
D:3:      layout_basic
D:4:      layout_basic, marbit_many_paths, minmay_temple_entry_poolview,
          serial_shops, nicolae_shop_trees, interstate_on_off
D:5:      layout_cave_pools
D:6:      layout_basic, kiku_gazebo_pond_becter, slow_altar_2,
          grunt_decor_resistance, minmay_joined_circles, uniq_maggie,
          uniq_menkaure, uniq_grinder
D:7:      layout_gridville, grunt_dithmenos_shadows, basic_altar,
          gammafunk_ghost_icy
D:8:      layout_rooms, nicolae_overflow_hidden_temple, general_overflow_altar,
          nzn_hepliaklqana_mist_gate, lemuel_round_altar, lair_entry_dummy,
          serial_shops, shop
D:9:      layout_roguey, lemuel_doored_altar, zin_scriptorium,
          pdpol_wu_jian_five_deadly_venoms, minmay_variable_closet,
          nemelex_spade_bored_becter
D:10:     layout_rooms, orc_0_dummy, serial_shops, shop,
          minmay_guarded_unrand_variability, uniq_grum
Temple:   dpeg_three_leaves_temple

Skill      XL: |  1  2  3  4  5  6  7  8  9 10 11 |
---------------+----------------------------------+-----
Ice Magic      | 5 6 7 8 10 | 10.4
Stealth        | 3 4 5 6 |  6.0
Fighting       | 2 3 4 5 |  5.0
Spellcasting   | 3 4 |  4.0
Transmutations | 2 5 |  5.5
Unarmed Combat | 2 4 5 |  5.4
Invocations    | 2 3 |  3.5
Evocations     | 1 |  1.7
Staves         | 2 |  2.2
Dodging        | 3 4 |  4.7
Summonings     | 5 |  5.8

Action                   |  1- 3 |  4- 6 |  7- 9 | 10-12 || total
-------------------------+-------+-------+-------+-------++-------
Melee: Club              |    10 |       |       |       ||    10
       Constrict         |    10 |     4 |    24 |     8 ||    46
       Whip              |    20 |     5 |       |       ||    25
       Tentacles         |     5 |     6 |    19 |    12 ||    42
       Short sword       |       |    21 |       |       ||    21
       Quarterstaff      |       |     4 |    75 |    35 ||   114
       Unarmed           |       |       |    99 |   178 ||   277
       Punch             |       |       |     1 |     1 ||     2
       Dagger            |       |       |       |     1 ||     1
Throw: Javelin           |       |     3 |       |       ||     3
       Boomerang         |       |       |     4 |     1 ||     5
       Dart              |       |       |       |     1 ||     1
 Cast: Freeze            |    30 |    17 |     4 |       ||    51
       Frozen Ramparts   |     1 |     8 |    23 |    16 ||    48
       Ozocubu's Armour  |       |     8 |    32 |    21 ||    61
       Ice Form          |       |       |    18 |    41 ||    59
       Summon Ice Beast  |       |       |       |    20 ||    20
Invok: Lesser Healing    |       |       |       |     3 ||     3
       Divine Protection |       |       |       |     3 ||     3
       Purification      |       |       |       |     1 ||     1
 Abil: End Transformatio |       |       |     2 |     3 ||     5
Evoke: Wand              |       |       |     2 |     1 ||     3
  Use: Scroll            |       |       |    12 |     6 ||    18
       Potion            |       |       |     3 |     3 ||     6
 Stab: Sleeping          |    10 |    11 |    15 |     6 ||    42
       Distracted        |       |       |     1 |     1 ||     2
Armor: Skin              |     5 |     6 |    46 |    58 ||   115
Dodge: Dodged            |    23 |    34 |    96 |   166 ||   319

Table legend: (Time is in decaauts)
 A = Elapsed time spent in this place.
 B = Non-inter-level travel time spent in this place.
 C = Inter-level travel time spent in this place.
 D = Time resting spent in this place.
 E = Time spent auto-exploring this place.
 F = Levels seen in this place.
 G = Mean time per level.
                   A        B        C        D        E       F      G
               +--------+--------+--------+--------+--------+-----+--------+
         Total |  15483 |  14677 |    806 |   3128 |   8788 |  11 | 1407.5 |
       Dungeon |  15389 |  14609 |    780 |   3128 |   8723 |  10 | 1538.9 |
        Temple |     93 |     67 |     26 |      0 |     65 |   1 |   93.0 |
               +--------+--------+--------+--------+--------+-----+--------+

Top non-repeatable levels by time:
     D:7: 2839 daAuts
     D:9: 2267 daAuts
     D:4: 1956 daAuts
     D:6: 1906 daAuts
     D:8: 1867 daAuts
     D:5: 1250 daAuts
     D:1: 1076 daAuts
     D:3: 937 daAuts
     D:2: 830 daAuts
    D:10: 459 daAuts
  Temple: 93 daAuts
